 Dungeon Crawl Stone Soup version 0.31-a0-496-g6f97920a28 (webtiles) character file.

Game seed: 10604809785712536733

464 CraigForest the Ruffian (level 7, -1/47 HPs)
             Began as a Djinni Shapeshifter on Aug 8, 2023.
             Killed by divine providence
             ... invoked by an orc priest
              (15 damage)
             ... on level 4 of the Dungeon.
             The game lasted 00:09:19 (2924 turns).

CraigForest the Ruffian (Djinni Shapeshifter)       Turns: 2924, Time: 00:09:20

Health: -1/47      AC:  5    Str: 16    XL:     7   Next: 29%
Gold:   230        EV: 12    Int: 14    God:
                   SH:  0    Dex: 13

rFire   + +          .
                       - Unarmed
rCold   . . .        (no shield)
rNeg    . . .        t - +2 leather armour {rC+}
rPois   ∞            (helmet currently unavailable)
rElec   .            (cloak currently unavailable)
rCorr   .            (gloves currently unavailable)
SInv    .            (boots unavailable)
Will    .....        A - amulet of Hoczead {Acrobat Int+4}
Stlth   +            (no ring)
HPRegen 0.27/turn    (no ring)
MPRegen 0.00/turn

%: acrobat, infuse magic (-2 HP)
@: beast-form, flying
A: beast (slay +2), flying, sickness immunity, fire resistance 2, cold
vulnerability 1, float, innate caster, HP casting, extra vitality 1
a: Begin Untransformation


You were on level 4 of the Dungeon.
You were a hulking beast.
You visited 1 branch of the dungeon, and saw 4 of its levels.

You collected 230 gold pieces.

Inventory:

Hand Weapons
 g - a +0 dagger of electrocution
 i - a +1 long sword of electrocution
 o - a +3 scythe of venom
Armour
 a - a +0 animal skin
 k - a +0 ring mail
 q - a +0 helmet
 t - a +2 leather armour of cold resistance (worn)
 z - a +0 chain mail
Jewellery
 A - the amulet of Hoczead (around neck) {Acrobat Int+4}
   (You found it on level 4 of the Dungeon)

   [amulet of the acrobat]

   It increases your evasion while moving and waiting.
   Int:       It affects your intelligence (+4).
Talismans
 c - a beast talisman (active)
 d - a flux talisman
 f - a serpent talisman
 l - a blade talisman
Scrolls
 j - 2 scrolls of teleportation {unknown}
 m - a scroll of brand weapon {unknown}
 n - a scroll of poison {unknown}
 r - a scroll of enchant weapon {unknown}
 s - a scroll of blinking {unknown}
 u - 6 scrolls of identify {unknown}
 v - a scroll of torment {unknown}
 w - a scroll of fog {unknown}
 x - a scroll of summoning {unknown}
 y - a scroll of revelation {unknown}
Potions
 b - a potion of lignification
 e - 3 potions of curing {unknown}
 h - a potion of heal wounds {unknown}
 p - 3 potions of attraction {unknown}
 B - 2 potions of degeneration {unknown}


   Skills:
 + Level 1.4 Fighting
 + Level 1.0 Armour
 + Level 3.3 Dodging
 + Level 6.2 Unarmed Combat
 + Level 3.8 Shapeshifting


You knew the following spells:

 Your Spells              Type           Power      Damage    Failure   Level
a - Foxfire               Conj/Fire      0%         2x1d4     34%         1
b - Static Discharge      Conj/Air       0%         2-2/arc   47%         2
c - Call Imp              Summ           0%         N/A       47%         2
Your spell library was empty.

Dungeon Overview and Level Annotations

Branches:
Dungeon (4/15)
 Temple: D:4-7

Altars:
Makhleb
Xom

Shops:
D:3 =


Innate Abilities, Weirdness & Mutations

You are a hulking beast.
Your limbs bulge with bestial killing power. (Slay +2)
You are flying.
You are immune to sickness and miasma.
You are immune to poison.
Your flesh is very heat resistant. (rF++)
You are vulnerable to cold. (rC-)
You float through the air rather than walking.
You learn spells naturally, not from books.
Your magical power is your life essence.
You have superior vitality. (+4 MHP)


Message History

The orc hits your cerulean imp with a +0 war axe!
Your cerulean imp hits the orc with a -4 spear.
The orc barely misses your cerulean imp.
Your cerulean imp barely misses the orc.
You swap places.
The orc misses you.
Your cerulean imp hits the orc from afar with a -4 spear.
Items here: )) [ †††.
You barely miss the orc.
The orc is severely wounded.
The orc hits you with a +0 war axe.
Your cerulean imp hits the orc but does no damage.
You hit the orc.
You kill the orc!
Your cerulean imp hits the orc priest but does no damage.
You barely miss the orc priest. The orc priest hits you with a +0 mace.
Your cerulean imp barely misses the orc priest.
You barely miss the orc priest. Your punch misses the orc priest.
The orc priest barely misses you.
Your cerulean imp hits the orc priest but does no damage.
You hit the orc priest.
The orc priest is lightly wounded.
The orc priest hits you with a +0 mace.
You punch the orc priest!
The orc priest is almost dead.
Your cerulean imp hits the orc priest but does no damage.
The orc priest closely misses you.
You hit the orc priest but do no damage.
The orc priest is almost dead.
Your cerulean imp hits the orc priest but does no damage.
You hit the orc priest but do no damage.
The orc priest is almost dead.
Your cerulean imp disappears in a puff of smoke!
The orc priest calls down the wrath of Beogh upon you.
Beogh smites you!
* * * LOW HITPOINT WARNING * * *
You hit the orc priest but do no damage.
The orc priest is almost dead.
The orc priest mumbles some strange prayers to Beogh against you.
Beogh smites you!
You die...

.#####.....###
....##......(...
.##<##.....####. #
#..)............#.
.........######..#
#.#####..# #..## #.#
#..# .o. #.#####.<##
#o#
.#........######h#####
###.###......).§.§...#
#.........§....#
##..######.###.# #..#
#.# # #..# #.# #. #..#
..# #. #..# .##
###.### #..# . .....#


You could see an orc priest and an orc.

Vanquished Creatures
  Sigmund (D:2)
  An ogre (D:4)
  An orc priest (D:4)
  A hound (D:4)
  6 adders
  2 dart slugs
  6 orcs
  3 ball pythons (D:1)
  6 bats
  9 endoplasms
  3 giant cockroaches
  4 goblins
  7 hobgoblins
  6 jackals
  8 kobolds
  4 quokkas
  A frilled lizard (D:1)
  4 rats
73 creatures vanquished.

Notes
Turn   | Place    | Note
-------+----------+-------------------------------------------
     0 | D:1      | CraigForest the Djinni Shapeshifter began the quest for the
                  | Orb.
     0 | D:1      | Reached XP level 1. HP: 17/17 MP: 0/0
   126 | D:1      | Reached XP level 2. HP: 22/22 MP: 0/0
   227 | D:1      | Reached XP level 3. HP: 21/27 MP: 0/0
   227 | D:1      | Learned a level 1 spell: Foxfire
   998 | D:2      | Found a shimmering altar of Xom.
  1043 | D:2      | Reached XP level 4. HP: 19/32 MP: 0/0
  1123 | D:2      | Reached skill level 4 in Unarmed Combat
  1657 | D:2      | Noticed Sigmund
  1666 | D:2      | Killed Sigmund
  1667 | D:2      | Reached skill level 5 in Unarmed Combat
  1667 | D:2      | Reached XP level 5. HP: 34/37 MP: 0/0
  1667 | D:2      | Learned a level 2 spell: Static Discharge
  1667 | D:2      | Reached XP level 6. HP: 38/42 MP: 0/0
  1908 | D:3      | Found Wiraon's Jewellery Emporium.
  1978 | D:3      | Found a faded altar of an unknown god.
  2769 | D:4      | Found a burning altar of Makhleb.
  2782 | D:4      | Identified the amulet of Hoczead {Acrobat Int+4}
  2896 | D:4      | Reached XP level 7. HP: 47/47 MP: 0/0
  2896 | D:4      | Learned a level 2 spell: Call Imp
  2907 | D:4      | Reached skill level 1 in Armour
  2907 | D:4      | Reached skill level 6 in Unarmed Combat
  2924 | D:4      | Killed from afar by an orc priest

Illustrated notes

Levels and vault maps discovered:
D:1:      lightli_arrival_maybe_door_vault, layout_loops_ring,
          serial_bayou_lagoon_a, minmay_pentomino_r4
D:2:      layout_loops_corners, basic_altar, uniq_sigmund
D:3:      layout_loops_cross, shapermc_ecumenical_altar_petra, serial_shops,
          nicolae_shop_tiny_waterfront
D:4:      layout_loops_ring, old_standard_altar

Skill      XL: |  1  2  3  4  5  6  7 |
---------------+----------------------+-----
Shapeshifting  | 3 |  3.8
Unarmed Combat | 5 6 |  6.2
Dodging        | 3 |  3.3
Armour         | 1 |  1.0
Fighting       | |  1.4

Action                     |  1- 3 |  4- 6 |  7- 9 || total
---------------------------+-------+-------+-------++-------
  Melee: Unarmed           |   106 |   100 |    19 ||   225
         Punch             |     1 |     3 |       ||     4
   Cast: Call Imp          |       |       |     1 ||     1
   Stab: Sleeping          |     4 |     2 |       ||     6
 Armour: Animal skin       |    17 |    10 |       ||    27
         Leather armour    |       |    14 |       ||    14
  Dodge: Dodged            |    52 |    48 |     8 ||   108

Table legend: (Time is in decaauts)
 A = Elapsed time spent in this place.
 B = Non-inter-level travel time spent in this place.
 C = Inter-level travel time spent in this place.
 D = Time resting spent in this place.
 E = Time spent auto-exploring this place.
 F = Levels seen in this place.
 G = Mean time per level.
                   A        B        C        D        E       F      G
               +--------+--------+--------+--------+--------+-----+--------+
         Total |   2905 |   2782 |    123 |      0 |   2260 |   4 |  726.2 |
       Dungeon |   2905 |   2782 |    123 |      0 |   2260 |   4 |  726.2 |
               +--------+--------+--------+--------+--------+-----+--------+

Top non-repeatable levels by time:
     D:2: 893 daAuts
     D:1: 867 daAuts
     D:3: 754 daAuts
     D:4: 389 daAuts
